 Dungeon Crawl Stone Soup version 0.24-a0-269-g32ec7ca (webtiles) character file.

Game seed: 15361398458113116917

1053 mistymad the Insei (level 8, -5/60 HPs)
             Began as a Gnoll Transmuter on Apr 21, 2019.
             Hit by a stone thrown by a vampire (10 damage)
             ... on level 4 of the Dungeon.
             The game lasted 00:11:17 (3522 turns).

mistymad the Insei (Gnoll Transmuter)               Turns: 3522, Time: 00:11:17

Health: -5/60      AC:  2    Str: 13    XL:     8   Next: 26%
Magic:  8/16       EV: 15    Int: 23    God:
Gold:   102        SH:  0    Dex: 15    Spells: 8/18 levels left

rFire    . . .     SeeInvis .   h - +0 dagger (venom)
rCold    . . .     Gourm    .   (no shield)
rNeg     . . .     Faith    .   b - +0 robe
rPois    .         Spirit   .   (no helmet)
rElec    .         Reflect  .   (no cloak)
rCorr    .         Harm     .   (no gloves)
MR       .....                  (no boots)
Stlth    ++........             (no amulet)
HPRegen  0.20/turn              (no ring)
MPRegen  0.15/turn              (no ring)

@: brilliant, hasted, very quick
A: distributed training, fangs 1, strong nose
a: no special abilities


You were on level 4 of the Dungeon.
You were hungry.

You visited 1 branch of the dungeon, and saw 4 of its levels.

You collected 102 gold pieces.

Inventory:

Hand Weapons
 h - a +0 dagger of venom (weapon)
Missiles
 a - 29 arrows
 g - 4 tomahawks (quivered)
Armour
 b - a +0 robe (worn)
 m - a +0 helmet
Wands
 n - a wand of iceblast (5)
Scrolls
 c - a scroll of enchant armour {unknown}
 e - 3 scrolls of remove curse
 f - 2 scrolls of amnesia {unknown}
 j - 3 scrolls of blinking {unknown}
 l - a scroll of random uselessness {unknown}
 o - a scroll of teleportation {unknown}
 p - 2 scrolls of identify {unknown}
 r - 2 scrolls of noise {unknown}
 t - a scroll of magic mapping {unknown}
Potions
 i - a potion of brilliance
 s - a potion of flight {unknown}
 u - a potion of magic {unknown}
Comestibles
 d - 6 rations


   Skills:
 + Level 4.0 Fighting
 + Level 3.0 Short Blades
 + Level 3.0 Long Blades
 + Level 3.0 Axes
 + Level 3.0 Maces & Flails
 + Level 3.0 Polearms
 + Level 3.0 Staves
 + Level 3.0 Slings
 + Level 3.0 Bows
 + Level 3.0 Crossbows
 + Level 3.0 Throwing
 + Level 3.0 Armour
 + Level 5.5 Dodging
 + Level 3.0 Stealth
 + Level 3.0 Shields
 + Level 7.3 Unarmed Combat
 + Level 5.9 Spellcasting
 + Level 2.4 Conjurations
 + Level 2.4 Hexes
 + Level 2.4 Charms
 + Level 2.4 Summonings
 + Level 2.4 Necromancy
 + Level 2.4 Translocations
 + Level 4.6 Transmutations
 + Level 2.4 Fire Magic
 + Level 2.4 Ice Magic
 + Level 2.4 Air Magic
 + Level 2.4 Earth Magic
 + Level 2.4 Poison Magic
 + Level 3.3 Invocations
 + Level 3.0 Evocations


You had 8 spell levels left.
You knew the following spells:

 Your Spells              Type           Power        Failure   Level  Hunger
a - Beastly Appendage     Tmut           #####.       1%          1    None
b - Sticks to Snakes      Tmut           #####...     1%          2    None
c - Spider Form           Tmut/Pois      #####.....   1%          3    #......
d - Ice Form              Ice/Tmut       #####...     2%          4    ###....

Your spell library contained the following spells:

 Spells                   Type           Power        Failure   Level  Hunger
 Blade Hands              Tmut           #####.....   4%          5    #####..


Dungeon Overview and Level Annotations

Branches:
Dungeon (4/15)
 Temple: D:4-7

Altars:
Dithmenos
Elyvilon
Hepliaklqana

Annotations:
D:4 Menkaure


Innate Abilities, Weirdness & Mutations

Your experience applies equally to all skills.
You have very sharp teeth.
Your uncanny sense of smell can sniff out nearby items.


Message History

Menkaure gestures at you while chanting.
You struggle to resist.
Your adder bites Menkaure.
Okay, then.
You feel better. Menkaure hits you!
* * * LOW HITPOINT WARNING * * *
Your adder bites Menkaure.
The vampire points at you and mumbles some strange words.
You resist with some effort.
Your adder bites the worm.
You regained 2 hp, and now have 10/60 hp.
It was a potion of brilliance.
You feel clever all of a sudden.
Your adder bites Menkaure.
Menkaure casts a spell at you.
You struggle to resist.
The vampire hits your ball python!
Your ball python dies!
It was a potion of haste.
You feel yourself speed up.
Your adder bites Menkaure.
Menkaure hits you.
* * * LOW HITPOINT WARNING * * *
The vampire throws a stone.
The stone hits you!
You die...

#.... ##^............##....#.....
#....##..##............##........
......##..#............##>#.....[
.......#(........................
......{†..V............#........#
......(....(.(.........##.......#
..#.#.#.#.#.w.#..##....#........#
. #.#(#.#.#S......#....##........
. #.#$#.#.#...SM@...####.......#.
..#.#(#.#.#.........#.#.......##
..#.#(#.#.#.###..................
#.w..w......# ##............##...
##..(.....######.##.............#
#..####### #...........###..# #
##.# ##............# .## ###
#............... #
##.....#.....#..#


You could see a vampire, Menkaure, a worm and 2 friendly adders.

Vanquished Creatures
  Pikel (D:4)
  Sigmund (D:2)
  4 slaves (D:4)
  Blork the orc (D:4)
  A crimson imp (D:4)
  An orc wizard (D:3)
  2 hounds (D:3)
  Natasha (thrice) (D:3)
  Ijyb (D:4)
  A worker ant (D:4)
  Robin (D:2)
  3 adders
  An ooze (D:1)
  4 worms (D:2)
  A dart slug (D:1)
  6 leopard geckos
  3 orcs (D:3)
  7 giant cockroaches
  12 goblins
  13 hobgoblins
  14 jackals
  8 kobolds
  A quokka (D:3)
  12 bats
  4 frilled lizards
  A leopard gecko skeleton (D:4)
  A quokka skeleton (D:4)
  10 rats
  A plant (D:2)
119 creatures vanquished.

Vanquished Creatures (collateral kills)
  A ball python (D:4)
  A jackal skeleton (D:4)
2 creatures vanquished.

Grand Total: 121 creatures vanquished

Notes
Turn   | Place    | Note
-------+----------+-------------------------------------------
     0 | D:1      | mistymad the Gnoll Transmuter began the quest for the Orb.
     0 | D:1      | Reached XP level 1. HP: 17/17 MP: 6/6
   102 | D:1      | Reached XP level 2. HP: 18/23 MP: 5/7
   133 | D:1      | Learned a level 2 spell: Sticks to Snakes
   374 | D:1      | Reached XP level 3. HP: 25/28 MP: 9/9
   377 | D:1      | Reached skill level 5 in Spellcasting
   520 | D:1      | Reached skill level 1 in Invocations
   788 | D:2      | Learned a level 3 spell: Spider Form
  1029 | D:2      | Reached skill level 1 in Short Blades
  1029 | D:2      | Reached skill level 1 in Long Blades
  1029 | D:2      | Reached skill level 1 in Axes
  1029 | D:2      | Reached skill level 1 in Maces & Flails
  1029 | D:2      | Reached skill level 1 in Polearms
  1029 | D:2      | Reached skill level 1 in Staves
  1029 | D:2      | Reached skill level 1 in Slings
  1029 | D:2      | Reached skill level 1 in Bows
  1029 | D:2      | Reached skill level 1 in Crossbows
  1029 | D:2      | Reached skill level 1 in Throwing
  1029 | D:2      | Reached skill level 1 in Armour
  1029 | D:2      | Reached skill level 1 in Stealth
  1029 | D:2      | Reached skill level 1 in Shields
  1029 | D:2      | Reached skill level 1 in Evocations
  1029 | D:2      | Reached XP level 4. HP: 24/34 MP: 7/11
  1540 | D:2      | Reached skill level 1 in Conjurations
  1540 | D:2      | Reached skill level 1 in Hexes
  1540 | D:2      | Reached skill level 1 in Charms
  1540 | D:2      | Reached skill level 1 in Summonings
  1540 | D:2      | Reached skill level 1 in Necromancy
  1540 | D:2      | Reached skill level 1 in Translocations
  1540 | D:2      | Reached skill level 1 in Fire Magic
  1540 | D:2      | Reached skill level 1 in Ice Magic
  1540 | D:2      | Reached skill level 1 in Air Magic
  1540 | D:2      | Reached skill level 1 in Earth Magic
  1540 | D:2      | Reached skill level 1 in Poison Magic
  1836 | D:2      | Noticed Robin
  1845 | D:2      | Killed Robin
  1845 | D:2      | Reached XP level 5. HP: 30/40 MP: 8/12
  1897 | D:2      | Noticed Sigmund
  1911 | D:2      | Killed Sigmund
  1911 | D:2      | Reached XP level 6. HP: 41/47 MP: 10/13
  1913 | D:2      | Found a shadowy altar of Dithmenos.
  1937 | D:2      | Found a hazy altar of Hepliaklqana.
  1937 | D:2      | Found a white marble altar of Elyvilon.
  2248 | D:3      | Noticed Natasha
  2259 | D:3      | Killed Natasha
  2266 | D:3      | Reached skill level 5 in Dodging
  2334 | D:3      | Noticed Natasha
  2346 | D:3      | Killed Natasha
  2627 | D:3      | Learned a level 4 spell: Ice Form
  2702 | D:3      | Reached XP level 7. HP: 45/52 MP: 15/15
  2834 | D:3      | Noticed Natasha
  2842 | D:3      | Killed Natasha
  3064 | D:4      | Noticed Blork the orc
  3077 | D:4      | Killed Blork the orc
  3077 | D:4      | Reached skill level 7 in Unarmed Combat
  3096 | D:4      | Noticed Pikel
  3110 | D:4      | Killed Pikel
  3110 | D:4      | Reached XP level 8. HP: 14/60 MP: 8/16
  3415 | D:4      | Noticed Ijyb
  3430 | D:4      | Killed Ijyb
  3481 | D:4      | Noticed a vampire
  3500 | D:4      | Noticed Menkaure
  3522 | D:4      | Hit by a stone thrown by a vampire

Levels and vault maps discovered:
D:1:      dpeg_arrival_lava_altar, layout_basic
D:2:      layout_loops_ring, gammafunk_temple_overflow_forgotten, uniq_sigmund,
          uniq_robin
D:3:      layout_rooms, uniq_natasha
D:4:      layout_cave_pools, minmay_misc_feat_rows, tgw_sif, uniq_blork_the_orc,
          uniq_menkaure, uniq_ijyb, uniq_pikel

Skill      XL: |  1  2  3  4  5  6  7 |
---------------+----------------------+-----
Spellcasting   | 5 |  5.9
Invocations    | 1 2 3 |  3.3
Short Blades   | 1 2 3 |  3.0
Long Blades    | 1 2 3 |  3.0
Axes           | 1 2 3 |  3.0
Maces & Flails | 1 2 3 |  3.0
Polearms       | 1 2 3 |  3.0
Staves         | 1 2 3 |  3.0
Slings         | 1 2 3 |  3.0
Bows           | 1 2 3 |  3.0
Crossbows      | 1 2 3 |  3.0
Throwing       | 1 2 3 |  3.0
Armour         | 1 2 3 |  3.0
Stealth        | 1 2 3 |  3.0
Shields        | 1 2 3 |  3.0
Evocations     | 1 2 3 |  3.0
Conjurations   | 1 2 |  2.4
Hexes          | 1 2 |  2.4
Charms         | 1 2 |  2.4
Summonings     | 1 2 |  2.4
Necromancy     | 1 2 |  2.4
Translocations | 1 2 |  2.4
Fire Magic     | 1 2 |  2.4
Ice Magic      | 1 2 |  2.4
Air Magic      | 1 2 |  2.4
Earth Magic    | 1 2 |  2.4
Poison Magic   | 1 2 |  2.4
Fighting       | 3 4 |  4.0
Transmutations | 4 |  4.6
Dodging        | 5 |  5.5
Unarmed Combat | 7 |  7.3

Action                   |  1- 3 |  4- 6 |  7- 9 || total
-------------------------+-------+-------+-------++-------
Melee: Unarmed           |    17 |    75 |    91 ||   183
       Punch             |     3 |     3 |       ||     6
       Headbutt          |     1 |       |       ||     1
       Dagger            |    87 |   121 |    10 ||   218
       Kick              |     5 |       |       ||     5
       Bite              |     6 |    17 |     1 ||    24
 Cast: Beastly Appendage |     2 |       |       ||     2
       Spider Form       |       |    11 |    11 ||    22
       Sticks to Snakes  |       |       |     5 ||     5
  Use: Potion            |       |       |     4 ||     4
       Scroll            |       |       |     1 ||     1
 Stab: Sleeping          |     1 |     4 |     1 ||     6
  Eat: Chunk             |       |     7 |     3 ||    10
Armor: Robe              |    14 |    16 |     4 ||    34
       Skin              |       |     3 |     3 ||     6
Dodge: Dodged            |    80 |   149 |    98 ||   327

Table legend:
 A = Non-vault XP
 B = Vault XP
 C = Vault XP percentage of total XP
 D = Non-vault monster count
 E = Vault monster count
 F = Vault count percentage of total count
                 A         B        C        D         E       F
            +---------+---------+-------+---------+---------+-------
      Total |     503 |    1002 |  66.6 |     106 |      10 |   8.6
            +---------+---------+-------+---------+---------+-------
        D:1 |      60 |       0 |   0.0 |      32 |       0 |   0.0
        D:2 |      98 |     231 |  70.2 |      37 |       6 |  14.0
        D:3 |     251 |      35 |  12.2 |      27 |       1 |   3.6
        D:4 |      94 |     736 |  88.7 |      10 |       3 |  23.1
            +---------+---------+-------+---------+---------+-------
